 Dungeon Crawl Stone Soup version 0.18.1-6-gd335043 (webtiles) character file.

454 Jerry the Twirler (level 6, 50/50 HPs)
             Began as a Minotaur Gladiator on May 18, 2016.
             Quit the game on level 4 of the Dungeon.
             The game lasted 00:13:30 (2904 turns).

Jerry the Twirler (Minotaur Gladiator)              Turns: 2904, Time: 00:13:31

Health: 50/50      AC: 10    Str: 21    XL:     6   Next: 76%
Magic:  5/5        EV: 12    Int:  5    God:
Gold:   229        SH:  0    Dex: 11    Spells: 0 memorised, 5 levels left

rFire  . . .     SeeInvis .     a - +0 quarterstaff
rCold  . . .     Gourm    .     m - +0 scale mail
rNeg   . . .     Faith    .     (shield currently unavailable)
rPois  .         Spirit   .     c - +0 hat
rElec  .         Dismiss  .     (no cloak)
rCorr  .         Reflect  .     l - +0 pair of gloves
SustAt .         Harm     .     n - +2 pair of boots
MR     .....                    (no amulet)
Stlth  ..........               (no ring)
                                (no ring)

@: not resistant to hostile enchantments, extremely unstealthy
A: retaliatory headbutt, horns 2
a: no special abilities


You were on level 4 of the Dungeon.
You were not hungry.

You visited 1 branch of the dungeon, and saw 4 of its levels.
You also visited: Sewer.

You collected 229 gold pieces.

Inventory:

Hand Weapons
 a - a +0 quarterstaff (weapon)
 b - a +1 flail of draining
Missiles
 d - 3 throwing nets (quivered)
Armour
 c - a +0 hat (worn)
 l - a +0 pair of gloves (worn)
 m - a +0 scale mail (worn)
 n - a +2 pair of boots (worn)
Jewellery
 w - a cursed amulet of inaccuracy {unknown}
Wands
 o - a wand of lightning (8/15)
 s - a wand of teleportation (0/9)
Scrolls
 g - a scroll of magic mapping
 i - a scroll of remove curse
 j - 2 scrolls of identify
 u - a scroll of teleportation
Potions
 e - a potion of magic {unknown}
 h - a potion of curing {unknown}
 p - a potion of ambrosia {unknown}
 r - a potion of degeneration {unknown}
 t - 2 potions of resistance {unknown}
 z - 4 potions of flight {unknown}
 A - a potion of invisibility {unknown}
 C - a potion of mutation {unknown}
Comestibles
 f - a bread ration
 k - 2 meat rations
 q - a beef jerky


   Skills:
 - Level 2.4 Fighting
 + Level 7.0 Staves
 - Level 2.0 Throwing
 + Level 0.0 Armour
 - Level 6.4 Dodging


You had 5 spell levels left.
You didn't know any spells.

Dungeon Overview and Level Annotations

Branches:
Dungeon (4/15)
 Temple: D:4-7

Altars:


Innate Abilities, Weirdness & Mutations

You reflexively headbutt those who attack you in melee.
You have a pair of horns on your head.


Message History

The worker ant is heavily wounded.
The worker ant barely misses you.
You sock the worker ant!
The worker ant is almost dead.
The worker ant closely misses you. You furiously retaliate!
You headbutt the worker ant, but do no damage.
You barely miss the worker ant.
The worker ant is almost dead.
The worker ant closely misses you.
You hit the worker ant.
You kill the worker ant!
Your Staves skill increases to level 7!
You see here a worker ant corpse.
Found a glowing trident.
w - a dented soapstone amulet All of the chunks of flesh in your inventory have rotted away.
Found a stone staircase leading up.
Unknown command.
Unknown command.
Are you sure you want to abandon this character and quit the game? (Confirm with "yes".)

.. #<......# #.# ..
#.####.## #.# ... ##.##
### #.## ....##...######
#..#
#............#####...
#..##...#.##......### #.
##.##.##..##<## #
.#.#..###.##.#......#
<.%....@.........##.## #
####%.######.....##..###
#. .....)......... #
.##.#......##.# #
#.....######.
####..####### #+#.......
########


There were no monsters in sight!

Vanquished Creatures
  An ogre (D:4)
  A howler monkey (D:3)
  A hound (D:4)
  The ghost of Howlingfantods the Ducker, a weakling SpCj of Ashenzari (Sewer)
  Jessica (D:3)
  Natasha (thrice) (D:2)
  A worker ant (D:4)
  3 adders
  4 oozes (Sewer)
  7 worms
  3 dart slugs
  3 giant geckos
  5 orcs (D:3)
  5 giant cockroaches
  2 hobgoblins
  4 jackals (Sewer)
  2 quokkas
  3 ball pythons
  7 bats
  2 giant newts
  9 goblins
  3 kobolds
  4 rats
75 creatures vanquished.

Notes
Turn   | Place    | Note
--------------------------------------------------------------
     0 | D:1      | Jerry the Minotaur Gladiator began the quest for the Orb.
     0 | D:1      | Reached XP level 1. HP: 18/18 MP: 0/0
   291 | D:1      | Reached skill level 4 in Staves
   291 | D:1      | Reached XP level 2. HP: 25/25 MP: 1/1
   794 | D:2      | Reached XP level 3. HP: 30/30 MP: 2/2
  1179 | D:2      | Noticed Natasha
  1187 | D:2      | Killed Natasha
  1187 | D:2      | Reached XP level 4. HP: 30/37 MP: 3/3
  1263 | D:2      | Noticed Natasha
  1267 | D:2      | Killed Natasha
  1267 | D:2      | Reached skill level 5 in Staves
  1323 | D:2      | Noticed Natasha
  1327 | D:2      | Killed Natasha
  1327 | D:2      | Reached skill level 5 in Dodging
  1430 | D:3      | Noticed Jessica
  1440 | D:3      | Killed Jessica
  1440 | D:3      | Reached XP level 5. HP: 36/42 MP: 4/4
  1493 | D:3      | Found a glowing drain.
  1501 | Sewer    | Entered a sewer
  1755 | Sewer    | Noticed Howlingfantods's ghost (weakling SpCj)
  1763 | Sewer    | Killed Howlingfantods's ghost
  2249 | Sewer    | Reached skill level 6 in Staves
  2484 | D:3      | Reached XP level 6. HP: 46/50 MP: 5/5
  2868 | D:4      | Reached skill level 7 in Staves
  2904 | D:4      | Quit the game

Skill      XL: |  1  2  3  4  5  6 |
---------------+-------------------+-----
Staves         | 4 5 6 7 |  7.0
Dodging        | 4 5 6 |  6.4
Fighting       | |  2.4
Throwing       | |  2.0

Action                   |  1- 3 |  4- 6 || total
-------------------------+-------+-------++-------
Melee: Quarterstaff      |    55 |   105 ||   160
       Headbutt          |     6 |    23 ||    29
Evoke: Wand              |       |     2 ||     2
  Use: Scroll            |       |    10 ||    10
  Eat: Chunk             |       |     7 ||     7
Armor: Leather armour    |     7 |       ||     7
       Scale mail        |    10 |    40 ||    50
Dodge: Dodged            |    31 |    78 ||   109
